 Dungeon Sprint DCSS version 0.18-a0-1551-g40744a8 (webtiles) character file.

2 pipel the Firebug (level 1, -2/10 HPs)
             Began as a Deep Elf Fire Elementalist on Mar 11, 2016.
             Was an Initiate of Sif Muna.
             Slain by a worker ant (4 damage)
             ... in the Dungeon (Sprint VII: "The Pits").
             The game lasted 00:00:30 (60 turns).

pipel the Firebug (Deep Elf Fire Elementalist)        Turns: 60, Time: 00:00:30

Health: -2/10      AC:  2    Str:  5    XL:     1   Next: 25%
Magic:  0/6        EV: 13    Int: 19    God:    Sif Muna [......]
Gold:   0          SH:  0    Dex: 15    Spells: 1 memorised, 5 levels left

rFire  . . .     SeeInvis .     (no weapon)
rCold  . . .     Gourm    .     a - +0 robe
rNeg   . . .     Faith    .     (no shield)
rPois  .         Spirit   .     (no helmet)
rElec  .         Dismiss  .     (no cloak)
rCorr  .         Reflect  .     (no gloves)
SustAt .         Harm     .     (no boots)
MR     .....     NoTele   +     (no amulet)
Stlth  ++........               (no ring)
                                (no ring)

@: very slightly contaminated, not resistant to hostile enchantments, unstealthy
A: no striking features
a: Renounce Religion


You were in the Dungeon.
You worshipped Sif Muna.
Sif Muna was noncommittal.
You were not hungry.

You visited 1 branch

Inventory:

Hand Weapons
 j - a +2 quarterstaff
 k - a +2 trident
Missiles
 o - 10 stones (quivered)
Armour
 a - a +0 robe (worn)
Magical Staves
 p - an uncursed staff of energy
Scrolls
 i - a scroll of blinking
 q - 3 scrolls of remove curse
 r - 5 scrolls of amnesia
 s - a scroll of summoning
 t - 2 scrolls of vulnerability
Potions
 d - a potion of curing
 e - a potion of heal wounds
 f - a potion of haste
 g - 4 potions of magic
 h - 3 potions of berserk rage
 n - 2 potions of invisibility
Books
 b - a book of Flames

   Spells                             Type                      Level
   a - Flame Tongue                   Conjuration/Fire             1
   b - Throw Flame                    Conjuration/Fire             2
   c - Conjure Flame                  Conjuration/Fire             3
   d - Inner Flame                    Hexes/Fire                   3
   e - Sticky Flame                   Conjuration/Fire             4
   f - Fireball                       Conjuration/Fire             5
Comestibles
 c - 8 bread rations
 l - 40 fruits
 m - 7 meat rations


   Skills:
 + Level 2.8 Dodging
 + Level 2.4 Stealth
 + Level 3.3 Spellcasting
 + Level 1.1 Conjurations
 + Level 3.9 Fire Magic


You had 5 spell levels left.
You knew the following spells:

 Your Spells              Type           Power        Failure   Level  Hunger
a - Flame Tongue          Conj/Fire      ##...        8%          1    None


Dungeon Overview and Level Annotations

Branches:
Dungeon (1/1)

Altars:
Ashenzari
Cheibriados
Dithmenos
Elyvilon
Fedhas
Kikubaaqudgha
Makhleb
Nemelex Xobeh
Okawaru
Pakellas
Ru
Sif Muna
Trog
Vehumet
Xom
Yredelemnul
Zin
The Shining One
Beogh
Jiyva
Lugonu


Message History

The worker ant is heavily wounded.
The worker ant closely misses you.
Casting: Flame Tongue
Confirm with . or Enter, or press ? or * to list all spells.
Aiming: Flame Tongue
Press: ? - help, Shift-Dir - straight line, f/p - worker ant
Aim: a worker ant (heavily wounded)
The flame tongue hits the worker ant.
The worker ant is almost dead.
The worker ant misses you.
You now have 1/6 mp.
Casting: Flame Tongue
Confirm with . or Enter, or press ? or * to list all spells.
Aiming: Flame Tongue
Press: ? - help, Shift-Dir - straight line, f/p - worker ant
Aim: a worker ant (almost dead)
You miscast Flame Tongue.
You are very lightly contaminated with residual magic.
Nothing appears to happen.
The worker ant bites you.
You die...

############
#__________#
#__________#
#_#####'##############++
#)))'.'..##...........
#..)#.#..##......#..#
#######'#####..........
#......@....'...........
#+#####a#####......#..#.
..# #........... +..+
####'#####+ ####
#.......# #.......#
#.......# #...<...#
#.......#


You could see a worker ant.

Vanquished Creatures
  A giant gecko (D)
1 creature vanquished.

Notes
Turn   | Place    | Note
--------------------------------------------------------------
     0 | D        | pipel the Deep Elf Fire Elementalist began the quest for the Orb.
     0 | D        | Reached XP level 1. HP: 10/10 MP: 6/6
    33 | D        | Found a sacrificial altar of Ru.
    33 | D        | Found a basalt altar of Yredelemnul.
    33 | D        | Found a glowing golden altar of the Shining One.
    33 | D        | Found a deep blue altar of Sif Muna.
    33 | D        | Found a burning altar of Makhleb.
    33 | D        | Found an ancient bone altar of Kikubaaqudgha.
    33 | D        | Found a glowing silver altar of Zin.
    34 | D        | Found a shadowy altar of Dithmenos.
    34 | D        | Found a bloodstained altar of Trog.
    34 | D        | Found a shattered altar of Ashenzari.
    34 | D        | Found a white marble altar of Elyvilon.
    34 | D        | Found a snail-covered altar of Cheibriados.
    34 | D        | Found a blossoming altar of Fedhas.
    34 | D        | Found a radiant altar of Vehumet.
    34 | D        | Found a shimmering altar of Xom.
    34 | D        | Found a sparkling altar of Nemelex Xobeh.
    34 | D        | Found a corrupted altar of Lugonu.
    34 | D        | Found a viscous altar of Jiyva.
    34 | D        | Found a roughly hewn altar of Beogh.
    34 | D        | Found an iron altar of Okawaru.
    35 | D        | Found an oddly glowing altar of Pakellas.
    37 | D        | Became a worshipper of Sif Muna the Loreminder
    55 | D        | Noticed a worker ant
    60 | D        | Slain by a worker ant

Vault maps used:
D:        pitsprint

Action                   || total
-------------------------++-------
 Cast: Flame Tongue      ||     9
